 Dungeon Crawl Stone Soup version 0.27-a0-1048-g7ee7857c10 (webtiles) character file.

Game seed: 15098139023552503834

89 Lemonice the Skirmisher (level 4, 0/55 HPs)
             Began as a Palentonga Fighter on Apr 20, 2021.
             Succumbed to an adder's poison
             ... on level 2 of the Dungeon.
             The game lasted 00:02:32 (1509 turns).

Lemonice the Skirmisher (Palentonga Fighter)        Turns: 1509, Time: 00:02:33

Health: 0/55       AC: 22    Str: 19    XL:     4   Next: 31%
Magic:  4/4        EV:  1    Int:  9    God:
Gold:   81         SH:  8    Dex: 10    Spells: 3/3 levels left

rFire    . . .     SeeInvis +   a - +0 long sword
rCold    . . .     Faith    .   c - +0 kite shield
rNeg     + + +     Spirit   .   (armour currently unavailable)
rPois    +         Reflect  .   (helmet currently unavailable)
rElec    .         Harm     .   (cloak currently unavailable)
rCorr    .         Rampage  .   (gloves currently unavailable)
Will     .....     NoTele   +   (no barding)
Stlth    +.........             (no amulet)
HPRegen  0.18/turn              (no ring)
MPRegen  0.09/turn              (no ring)

@: lethally poisoned (0 -> -4), tree-form
A: stationary, stasis, torment immunity, boosted hp, large, rugged brown scales
3, see invisible, (deformed body), (roll 1), (armoured tail)
a: no special abilities


You were on level 2 of the Dungeon.
You were a tree.
You visited 1 branch of the dungeon, and saw 2 of its levels.

You collected 81 gold pieces.

Inventory:

Hand Weapons
 a - a +0 long sword (weapon)
Armour
 b - a +0 scale mail (melded)
 c - a +0 kite shield (worn)
Scrolls
 f - a scroll of noise {unknown}
Potions
 d - a potion of might


   Skills:
 + Level 3.3 Fighting
 + Level 3.0 Long Blades
 + Level 3.0 Armour
 + Level 0.8 Dodging
 + Level 2.9 Shields


You had 3 spell levels left.
You didn't know any spells.
Your spell library was empty.

Dungeon Overview and Level Annotations

Branches:
Dungeon (2/15)

Altars:


Innate Abilities, Weirdness & Mutations

You are a tree.
Your roots penetrate the ground, keeping you stationary.
You cannot be teleported.
You are immune to unholy pain and torment.
Your maximum health is greatly increased.
Your equipment is partially melded.
(You are completely covered in rugged brown scales. (AC +3, +7% HP))
You have supernaturally acute eyesight. (SInv)
((Armour fits poorly on your strangely shaped body.))
((You can roll at nearby foes to attack.))
((You have a long armoured tail.))


Message History

The adder bites you.
You are more poisoned.
The adder poisons you! You block the adder's attack.
You closely miss the adder.
Your tail-slap misses the adder.
You feel very sick. The adder bites you but does no damage.
Unknown command.
You miss the adder.
You feel sick. You block the adder's attack.
The adder bites you but does no damage.
A ball python comes into view.
The ball python hisses angrily.
You slash the adder!
You tail-slap the adder, but do no damage.
The adder is severely wounded.
You feel sick. You block the adder's attack.
The adder bites you but does no damage.
You miss the adder.
The adder is severely wounded.
You feel sick. The adder bites you but does no damage. The adder bites you.
* * * LOW HITPOINT WARNING * * *
You are lethally poisoned!
The adder poisons you!
You completely miss the adder.
The adder is severely wounded.
* * * LOW HITPOINT WARNING * * *
You feel very sick. You block the adder's attack.
The adder bites you but does no damage. You block the ball python's attack.
Unknown command.
You barely miss the adder.
The adder is severely wounded.
* * * LOW HITPOINT WARNING * * *
You feel sick. You block the adder's attack. The ball python barely misses you.
The adder bites you.
* * * LOW HITPOINT WARNING * * *
You block the ball python's attack.
It was a potion of lignification.
You turn into a tree.
Your +0 scale mail melds into your body.
Your roots penetrate the ground.
You die...

.# .# ##.##.# .# #
....#.# .# #. #.....#
.##### #.###...#.#
.....# #.........#
####.# #........ #.#
#..SS# #.# #..♣.# #<#
#....# ####.# #..###
#.##.# #..###.#
...#.#########.....S#
.............†......'.
...#.#########...####.
#.##.# ##.## #....# .#


You could see an adder and a ball python.

Vanquished Creatures
  A hound (D:2)
  2 adders (D:2)
  2 dart slugs (D:1)
  An endoplasm (D:2)
  2 hobgoblins
  3 jackals (D:1)
  3 quokkas (D:1)
  4 ball pythons (D:1)
  5 bats (D:1)
  2 frilled lizards (D:1)
  2 goblins
  5 kobolds (D:1)
  5 rats
37 creatures vanquished.

Vanquished Creatures (others)
  5 withered plants (D:1)
5 creatures vanquished.

Grand Total: 42 creatures vanquished

Notes
Turn   | Place    | Note
-------+----------+-------------------------------------------
     0 | D:1      | Lemonice the Palentonga Fighter began the quest for the
                  | Orb.
     0 | D:1      | Reached XP level 1. HP: 19/19 MP: 1/1
     1 | D:1      | Noticed an electric eel
   206 | D:1      | Reached XP level 2. HP: 25/25 MP: 2/2
   260 | D:1      | Found a faded altar of an unknown god.
   721 | D:1      | Reached XP level 3. HP: 31/31 MP: 3/3
  1152 | D:2      | Reached XP level 4. HP: 19/37 MP: 4/4
  1508 | D:2      | HP: 1/37 [adder (3)]
  1509 | D:2      | Succumbed to an adder's poison

Illustrated notes

Levels and vault maps discovered:
D:1:      arrival_aquarium_a, layout_basic, ebering_ecumenical_altar_petrified
D:2:      layout_loops_corners

Skill      XL: |  1  2  3  4 |
---------------+-------------+-----
Armour         | 3 |  3.0
Long Blades    | 3 |  3.0
Fighting       | |  3.3
Dodging        | |  0.8
Shields        | |  2.9

Action                   |  1- 3 |  4- 6 || total
-------------------------+-------+-------++-------
Melee: Long sword        |    92 |    33 ||   125
       Tailslap          |     4 |     2 ||     6
 Abil: Rolling Charge    |    23 |     4 ||    27
  Use: Potion            |       |     1 ||     1
Armor: Scale mail        |    66 |    18 ||    84
Dodge: Dodged            |    29 |     6 ||    35
Block: Kite shield       |    57 |    22 ||    79
       Rpst.: Long sword |    10 |       ||    10

Table legend: (Time is in decaauts)
 A = Elapsed time spent in this place.
 B = Non-inter-level travel time spent in this place.
 C = Inter-level travel time spent in this place.
 D = Time resting spent in this place.
 E = Time spent auto-exploring this place.
 F = Levels seen in this place.
 G = Mean time per level.
                   A        B        C        D        E       F      G
               +--------+--------+--------+--------+--------+-----+--------+
         Total |   1570 |   1548 |     22 |      0 |   1283 |   2 |  785.0 |
       Dungeon |   1570 |   1548 |     22 |      0 |   1283 |   2 |  785.0 |
               +--------+--------+--------+--------+--------+-----+--------+

Top non-repeatable levels by time:
     D:1: 1165 daAuts
     D:2: 404 daAuts
